RedWings vs Hurricanes

Created - December-20-14 at 10:15

Goals
1 2 3 OT1 T
RedWings 0 1 1 0 2
Hurricanes 1 1 0 1 3
Shots
1 2 3 OT1 T
RedWings 5 8 7 0 20
Hurricanes 11 9 15 1 36

1st period

1. Hurricanes , James Wisniewski 7 (Michael Frolik, Nick Foligno) at 12:49 (PP)

Penalties :
Sean Bergenheim (DET) for Roughing (Minor) at 1:39, Alexandre Burrows (DET) for Hooking (Minor) at 4:42, Mark Arcobello (DET) for Hooking (Minor) at 12:25, Jake Gardiner (DET) for Holding (Minor) at 12:52, Eric Brewer (DET) for Roughing (Minor) at 15:18

2nd period

2. Hurricanes , Nick Foligno 5 (Dustin Byfuglien, Ben Lovejoy) at 2:23
3. RedWings , Tyler Toffoli 10 (Mark Arcobello, Eric Brewer) at 7:52

Penalties :
Tuomo Ruutu (DET) for High sticking (Minor) at 17:26

3rd period

4. RedWings , Sean Bergenheim 12 (Paul Martin, Sam Gagner) at 15:39

Penalties :
Mark Fraser (DET) for Goalie Interference (Minor) at 1:10, Sean Bergenheim (DET) for Hooking (Minor) at 10:54, Patrick Maroon (CAR) for Slashing (Minor) at 13:03

Overtime #1

5. Hurricanes , Derek Roy 7 (James Wisniewski, James Neal) at 0:26

Penalties :
No Penalty

Goalie Stats

Roberto Luongo (DET), 33 saves from 36 shots - (0.917), OTL, 13-7-4, 60:27 minutes
Sergei Bobrovsky (CAR), 18 saves from 20 shots - (0.900), W, 11-13-3, 60:27 minutes

Players Stats for RedWings

Player Name              G  A  P  +/- PIM S  H  SB GA TA FO     MP     PP MP  PK MP  
------------------------------------------------------------------------------------
Alexandre Burrows        0  0  0   1  2   2  1  0  0  0  2/3    16:37   1:08   5:48 
Andrew Cogliano          0  0  0   0  0   0  0  0  0  0  0/0     0:00   0:00   0:00 
Eric Brewer              0  1  1   0  2   0  3  4  0  0  0/0    25:06   1:08   6:14 
Erik Haula               0  0  0   0  0   0  0  0  0  0  0/0     2:05   0:00   2:05 
Hal Gill                 0  0  0   1  0   1  0  1  0  0  0/0    10:30   0:00   0:13 
Jake Gardiner            0  0  0   1  2   4  0  1  0  0  0/0    24:01   0:51   5:30 
Joe Thornton             0  0  0  -1  0   2  1  1  0  0  25/43  26:12   1:08   7:13 
Kevin Connauton          0  0  0   0  0   0  1  0  0  0  0/0    10:33   0:00   3:40 
Loui Eriksson            0  0  0  -1  0   0  0  0  0  0  1/2    19:31   1:08   0:32 
Mark Arcobello           0  1  1   1  2   0  0  0  0  0  10/14  10:12   0:51   0:00 
Mark Fraser              0  0  0  -1  2   0  4  3  0  0  0/0    23:54   1:08   7:01 
Ondrej Palat             0  0  0  -1  0   2  3  1  0  0  0/1    17:51   0:00   0:00 
Paul Martin              0  1  1  -1  0   0  0  2  0  0  0/0    26:47   0:51   5:56 
Sam Gagner               0  1  1   1  0   0  0  1  0  0  7/14   18:23   0:00   4:36 
Sean Bergenheim          1  0  1   1  4   3  2  0  0  0  1/2    20:23   0:51   5:47 
Tuomo Ruutu              0  0  0   0  2   1  2  0  0  0  3/5    20:01   0:51   2:33 
Tyler Toffoli            1  0  1   0  0   4  0  0  0  0  0/0    12:33   0:00   0:00 
Ville Leino              0  0  0   0  0   1  0  0  0  0  1/2     2:44   0:00   0:00 

Players Stats for Hurricanes

Player Name              G  A  P  +/- PIM S  H  SB GA TA FO     MP     PP MP  PK MP  
------------------------------------------------------------------------------------
Alex Chiasson            0  0  0   0  0   0  0  0  0  0  0/0     5:45   0:00   0:00 
Ben Lovejoy              0  1  1   1  0   3  0  0  0  0  0/0    22:51   7:12   0:36 
Blake Wheeler            0  0  0  -1  0   5  5  0  0  0  1/3    23:17   7:15   1:17 
Brad Richardson          0  0  0  -1  0   0  0  0  0  0  9/19   14:45   0:00   0:00 
Brandon McMillan         0  0  0   0  0   0  0  0  0  0  4/8     5:45   0:00   0:00 
Brian Boyle              0  0  0  -1  0   3  1  0  0  0  11/28  16:54   7:15   0:42 
Brooks Orpik             0  0  0   0  0   2  1  1  0  0  0/0    18:29   0:36   1:23 
Derek Roy                1  0  1   2  0   3  0  0  0  0  11/22  21:46   7:02   0:00 
Dustin Byfuglien         0  1  1   1  0   2  4  0  0  0  0/0    25:08   6:29   1:23 
James Neal               0  1  1   0  0   1  1  0  0  0  0/0    22:27   7:15   0:00 
James Wisniewski         1  1  2   0  0   1  1  3  0  0  0/0    26:31   7:12   0:36 
Kevin Czuczman           0  0  0  -1  0   4  0  0  0  0  0/0    17:30   7:05   0:00 
Michael Frolik           0  1  1   1  0   6  0  0  0  0  0/1    22:36   7:02   1:17 
Nick Foligno             1  1  2   1  0   6  5  0  0  0  0/3    22:01   7:02   0:42 
Patrick Maroon           0  0  0   0  2   0  0  0  0  0  0/1     5:44   0:00   0:00 
Rich Clune               0  0  0  -1  0   0  3  0  0  0  0/0     8:57   0:00   0:00 
Ryan Wilson              0  0  0  -1  0   0  1  0  0  0  0/0    10:25   0:00   0:00 
Valeri Nichushkin        0  0  0  -1  0   0  0  0  0  0  0/1     8:57   0:00   0:00 

3 Stars

1 - Nick Foligno (CAR)
2 - James Wisniewski (CAR)
3 - Derek Roy (CAR)

Power Play

RedWings - 0 on 1 Attempt(s) - 0.00%
Hurricanes - 1 on 8 Attempt(s) - 12.50%

Penalty Kill

RedWings - 7 on 8 Attempt(s) - 87.50% - Score 0 goal in Penalty Kill
Hurricanes - 1 on 1 Attempt(s) - 100.00% - Score 0 goal in Penalty Kill

Team Stat

RedWings - Hits : 17 - Faceoff Wins : 50 - Blocked Shots : 14 - Penalty Minutes : 16
Hurricanes - Hits : 22 - Faceoff Wins : 36 - Blocked Shots : 4 - Penalty Minutes : 2

Official

Referees : Dean Morton and Jon Mclsaac
Linesman : Jonny Murray and Shane Heyer

Game Notes

No Game Note

Finance

Level 1 -- Attendance: 6000 (100.00%) -- Ticket Income $600,000
Level 2 -- Attendance: 4812 (96.24%) -- Ticket Income $312,780
Level 3 -- Attendance: 3210 (91.71%) -- Ticket Income $144,450
Level 4 -- Attendance: 2705 (83.75%) -- Ticket Income $73,035
Luxury Box -- Attendance: 879 (87.90%) -- Ticket Income $175,800
Game was played at the PNC Arena'
Total Attendance: 17606 (94.00%)
Total Ticket Income: $1,306,065
Other Income: $195,910
Total Income: $1,501,975

% Time on Ice - RedWings

Lines # - Real PCT - Wanted PCT - Time Play
Normal Forward
1 - 41% - 45% - 17:51
2 - 32% - 35% - 13:47
3 - 21% - 15% - 9:22
4 - 6% - 5% - 2:44
Normal Defense
1 - 40% - 40% - 17:18
2 - 21% - 30% - 9:23
3 - 24% - 20% - 10:17
4 - 15% - 10% - 6:46
PP Forward
1 - 57% - 60% - 1:08
2 - 43% - 40% - 0:51
PP Defense
1 - 43% - 60% - 0:51
2 - 57% - 40% - 1:08
PK Forward
1 - 68% - 60% - 9:41
2 - 32% - 40% - 4:36
PK Defense
1 - 56% - 60% - 8:04
2 - 44% - 40% - 6:13
PK3 Forward
1 - 0% - 60%
2 - 0% - 40%
PK3 Defense
1 - 0% - 60%
2 - 0% - 40%
44 Forward
1 - 100% - 60% - 0:27
2 - 0% - 40% - 0:00
44 Defense
1 - 100% - 60% - 0:27
2 - 0% - 40% - 0:00
Last Minute Offensive  - 0:00
Last Minute Defensive  - 0:00
Total
Forward - 60:27
Defense - 60:27

% Time on Ice - Hurricanes

Lines # - Real PCT - Wanted PCT - Time Play
Normal Forward
1 - 34% - 38% - 14:45
2 - 33% - 35% - 14:17
3 - 20% - 17% - 8:57
4 - 13% - 10% - 5:45
Normal Defense
1 - 34% - 35% - 15:03
2 - 37% - 35% - 16:03
3 - 24% - 17% - 10:25
4 - 5% - 13% - 2:13
PP Forward
1 - 51% - 57% - 7:15
2 - 49% - 43% - 7:02
PP Defense
1 - 50% - 50% - 7:12
2 - 50% - 50% - 7:05
PK Forward
1 - 35% - 50% - 0:42
2 - 65% - 50% - 1:17
PK Defense
1 - 30% - 50% - 0:36
2 - 70% - 50% - 1:23
PK3 Forward
1 - 0% - 60%
2 - 0% - 40%
PK3 Defense
1 - 0% - 60%
2 - 0% - 40%
44 Forward
1 - 100% - 50% - 0:27
2 - 0% - 50% - 0:00
44 Defense
1 - 100% - 50% - 0:27
2 - 0% - 50% - 0:00
Last Minute Offensive  - 0:00
Last Minute Defensive  - 0:00
Total
Forward - 60:27
Defense - 60:27

Play by Play

1st period


0:01 of 1st period - Joe Thornton wins face-off versus Brad Richardson in neutral zone.
0:44 of 1st period - Shot by Blake Wheeler.
0:44 of 1st period - Shot Misses the Net.
1:39 of 1st period - Minor Penalty to Sean Bergenheim for Roughing.
1:40 of 1st period - Brian Boyle wins face-off versus Joe Thornton in RedWings zone.
1:41 of 1st period - Shot by Blake Wheeler.
1:41 of 1st period - Stopped by Roberto Luongo without a rebound.
1:42 of 1st period - Joe Thornton wins face-off versus Brian Boyle in RedWings zone.
2:03 of 1st period - Shot by Kevin Czuczman.
2:03 of 1st period - Stopped by Roberto Luongo without a rebound.
2:04 of 1st period - Sam Gagner wins face-off versus Derek Roy in RedWings zone.
3:13 of 1st period - Off-side.
3:14 of 1st period - Brian Boyle wins face-off versus Alexandre Burrows in neutral zone.
3:23 of 1st period - Shot by Dustin Byfuglien.
3:23 of 1st period - Shot Blocked by Eric Brewer.
3:25 of 1st period - Shot by Brian Boyle.
3:25 of 1st period - Stopped by Roberto Luongo without a rebound.
3:26 of 1st period - Joe Thornton wins face-off versus Brian Boyle in RedWings zone.
3:46 of 1st period - Shot by Brandon McMillan.
3:46 of 1st period - Shot Misses the Net.
4:11 of 1st period - Shot by Alex Chiasson.
4:11 of 1st period - Shot Blocked by Paul Martin.
4:13 of 1st period - Shot by Brandon McMillan.
4:13 of 1st period - Shot Misses the Net.
4:17 of 1st period - Shot by Brandon McMillan.
4:17 of 1st period - Shot Blocked by Hal Gill.
4:42 of 1st period - Minor Penalty to Alexandre Burrows for Hooking.
4:43 of 1st period - Joe Thornton wins face-off versus Derek Roy in RedWings zone.
4:43 of 1st period - Joe Thornton is hit by Nick Foligno.
5:56 of 1st period - Shot by Kevin Czuczman.
5:56 of 1st period - Stopped by Roberto Luongo without a rebound.
5:57 of 1st period - Sam Gagner wins face-off versus Brian Boyle in RedWings zone.
6:51 of 1st period - Shot by Alex Chiasson.
6:51 of 1st period - Shot Blocked by Paul Martin.
7:26 of 1st period - Off-side.
7:27 of 1st period - Joe Thornton wins face-off versus Derek Roy in neutral zone.
7:36 of 1st period - Shot by Joe Thornton.
7:36 of 1st period - Stopped by Sergei Bobrovsky without a rebound.
7:37 of 1st period - Brad Richardson wins face-off versus Joe Thornton in Hurricanes zone.
9:33 of 1st period - Shot by Michael Frolik.
9:33 of 1st period - Shot Blocked by Sam Gagner.
9:35 of 1st period - Shot by Michael Frolik.
9:35 of 1st period - Stopped by Roberto Luongo without a rebound.
9:36 of 1st period - Brian Boyle wins face-off versus Joe Thornton in RedWings zone.
10:02 of 1st period - Loui Eriksson is hit by Brian Boyle and loses puck.
10:14 of 1st period - Icing by Rich Clune.
10:15 of 1st period - Brian Boyle wins face-off versus Sam Gagner in Hurricanes zone.
10:15 of 1st period - James Wisniewski is hit by Sean Bergenheim and loses puck.
11:13 of 1st period - Shot by Nick Foligno.
11:13 of 1st period - Shot Misses the Net.
11:25 of 1st period - Shot by Alexandre Burrows.
11:25 of 1st period - Shot Misses the Net.
11:27 of 1st period - Shot by Alexandre Burrows.
11:27 of 1st period - Stopped by Sergei Bobrovsky without a rebound.
11:28 of 1st period - Loui Eriksson wins face-off versus Brad Richardson in Hurricanes zone.
12:25 of 1st period - Minor Penalty to Mark Arcobello for Hooking.
12:26 of 1st period - Joe Thornton wins face-off versus Derek Roy in RedWings zone.
12:49 of 1st period - Shot by James Wisniewski.
12:49 of 1st period - Goal by James Wisniewski - RedWings : 0 - Hurricanes : 1.
12:50 of 1st period - Brian Boyle wins face-off versus Mark Arcobello in neutral zone.
12:52 of 1st period - Minor Penalty to Jake Gardiner for Holding.
12:53 of 1st period - Brian Boyle wins face-off versus Joe Thornton in RedWings zone.
12:54 of 1st period - Shot by James Neal.
12:54 of 1st period - Shot Misses the Net.
12:56 of 1st period - Shot by Dustin Byfuglien.
12:56 of 1st period - Stopped by Roberto Luongo without a rebound.
12:57 of 1st period - Joe Thornton wins face-off versus Brian Boyle in RedWings zone.
14:28 of 1st period - Shot by Michael Frolik.
14:28 of 1st period - Stopped by Roberto Luongo with a rebound.
14:30 of 1st period - Shot by Nick Foligno.
14:30 of 1st period - Shot Misses the Net.
14:32 of 1st period - Shot by Ben Lovejoy.
14:32 of 1st period - Stopped by Roberto Luongo without a rebound.
14:33 of 1st period - Tuomo Ruutu wins face-off versus Brian Boyle in RedWings zone.
14:39 of 1st period - Icing by Dustin Byfuglien.
14:40 of 1st period - Joe Thornton wins face-off versus Brian Boyle in Hurricanes zone.
14:43 of 1st period - Shot by Joe Thornton.
14:43 of 1st period - Stopped by Sergei Bobrovsky without a rebound.
14:44 of 1st period - Derek Roy wins face-off versus Joe Thornton in Hurricanes zone.
15:12 of 1st period - James Wisniewski is hit by Tuomo Ruutu and loses puck.
15:18 of 1st period - Minor Penalty to Eric Brewer for Roughing.
15:19 of 1st period - Joe Thornton wins face-off versus Brian Boyle in RedWings zone.
15:30 of 1st period - Shot by Kevin Czuczman.
15:30 of 1st period - Stopped by Roberto Luongo without a rebound.
15:31 of 1st period - Derek Roy wins face-off versus Sean Bergenheim in RedWings zone.
17:27 of 1st period - Off-side.
17:28 of 1st period - Tuomo Ruutu wins face-off versus Patrick Maroon in neutral zone.
17:33 of 1st period - Shot by Tyler Toffoli.
17:33 of 1st period - Shot Misses the Net.
17:47 of 1st period - Shot by Jake Gardiner.
17:47 of 1st period - Stopped by Sergei Bobrovsky without a rebound.
17:48 of 1st period - Derek Roy wins face-off versus Joe Thornton in Hurricanes zone.
17:58 of 1st period - Off-side.
17:59 of 1st period - Brad Richardson wins face-off versus Mark Arcobello in neutral zone.
18:30 of 1st period - Shot by Tyler Toffoli.
18:30 of 1st period - Stopped by Sergei Bobrovsky without a rebound.
18:31 of 1st period - Joe Thornton wins face-off versus Nick Foligno in Hurricanes zone.
18:32 of 1st period - Shot by Ondrej Palat.
18:32 of 1st period - Shot Misses the Net.
18:42 of 1st period - Shot by Nick Foligno.
18:42 of 1st period - Shot Blocked by Eric Brewer.
18:44 of 1st period - Shot by Ben Lovejoy.
18:44 of 1st period - Deflect By Michael Frolik.
18:44 of 1st period - Stopped by Roberto Luongo without a rebound.
18:45 of 1st period - Brian Boyle wins face-off versus Sam Gagner in RedWings zone.
18:45 of 1st period - James Wisniewski is hit by Mark Fraser and loses puck.
19:06 of 1st period - Shot by Sean Bergenheim.
19:06 of 1st period - Shot Blocked by James Wisniewski.
19:12 of 1st period - Shot by Brooks Orpik.
19:12 of 1st period - Shot Misses the Net.
19:37 of 1st period - Paul Martin is hit by Dustin Byfuglien and loses puck.
Goals for this period are 0 for RedWings vs 1 for Hurricanes.
Shots for this period are 5 for RedWings vs 11 for Hurricanes.

2nd period


0:01 of 2nd period - Derek Roy wins face-off versus Joe Thornton in neutral zone.
0:16 of 2nd period - Shot by Ondrej Palat.
0:16 of 2nd period - Stopped by Sergei Bobrovsky without a rebound.
0:17 of 2nd period - Brad Richardson wins face-off versus Sam Gagner in Hurricanes zone.
0:24 of 2nd period - Shot by Blake Wheeler.
0:24 of 2nd period - Stopped by Roberto Luongo without a rebound.
0:25 of 2nd period - Joe Thornton wins face-off versus Derek Roy in RedWings zone.
0:27 of 2nd period - Icing by Ondrej Palat.
0:28 of 2nd period - Joe Thornton wins face-off versus Derek Roy in RedWings zone.
0:36 of 2nd period - Off-side.
0:37 of 2nd period - Joe Thornton wins face-off versus Brad Richardson in neutral zone.
0:48 of 2nd period - Icing by James Wisniewski.
0:49 of 2nd period - Sam Gagner wins face-off versus Brad Richardson in Hurricanes zone.
2:23 of 2nd period - Shot by Nick Foligno.
2:23 of 2nd period - Goal by Nick Foligno - RedWings : 0 - Hurricanes : 2.
2:24 of 2nd period - Mark Arcobello wins face-off versus Valeri Nichushkin in neutral zone.
2:24 of 2nd period - Tyler Toffoli is hit by Rich Clune and loses puck.
2:34 of 2nd period - Paul Martin is hit by Ryan Wilson and loses puck.
3:31 of 2nd period - Shot by Sean Bergenheim.
3:31 of 2nd period - Shot Misses the Net.
3:55 of 2nd period - Shot by Derek Roy.
3:55 of 2nd period - Stopped by Roberto Luongo without a rebound.
3:56 of 2nd period - Joe Thornton wins face-off versus Brad Richardson in RedWings zone.
3:56 of 2nd period - Joe Thornton is hit by Blake Wheeler.
4:20 of 2nd period - Shot by Ondrej Palat.
4:20 of 2nd period - Shot Blocked by Brooks Orpik.
4:34 of 2nd period - Shot by Joe Thornton.
4:34 of 2nd period - Shot Misses the Net.
4:36 of 2nd period - Shot by Ondrej Palat.
4:36 of 2nd period - Deflect By Loui Eriksson.
4:36 of 2nd period - Shot Blocked by James Wisniewski.
4:38 of 2nd period - Shot by Ondrej Palat.
4:38 of 2nd period - Stopped by Sergei Bobrovsky without a rebound.
4:39 of 2nd period - Mark Arcobello wins face-off versus Michael Frolik in Hurricanes zone.
4:46 of 2nd period - Shot by Tyler Toffoli.
4:46 of 2nd period - Deflect By Alexandre Burrows.
4:46 of 2nd period - Shot Misses the Net.
4:52 of 2nd period - Shot by Dustin Byfuglien.
4:52 of 2nd period - Shot Misses the Net.
5:05 of 2nd period - Icing by Alexandre Burrows.
5:06 of 2nd period - Mark Arcobello wins face-off versus Brandon McMillan in RedWings zone.
6:04 of 2nd period - Nick Foligno is hit by Eric Brewer and loses puck.
6:27 of 2nd period - Shot by Nick Foligno.
6:27 of 2nd period - Shot Blocked by Mark Fraser.
6:29 of 2nd period - Shot by Ben Lovejoy.
6:29 of 2nd period - Shot Misses the Net.
6:31 of 2nd period - Shot by Derek Roy.
6:31 of 2nd period - Stopped by Roberto Luongo without a rebound.
6:32 of 2nd period - Brad Richardson wins face-off versus Tuomo Ruutu in RedWings zone.
6:33 of 2nd period - Shot by Blake Wheeler.
6:33 of 2nd period - Shot Misses the Net.
6:52 of 2nd period - Icing by Paul Martin.
6:53 of 2nd period - Brian Boyle wins face-off versus Sam Gagner in RedWings zone.
7:02 of 2nd period - Shot by Rich Clune.
7:02 of 2nd period - Shot Misses the Net.
7:12 of 2nd period - Shot by Tuomo Ruutu.
7:12 of 2nd period - Shot Misses the Net.
7:14 of 2nd period - Shot by Paul Martin.
7:14 of 2nd period - Shot Blocked by James Wisniewski.
7:21 of 2nd period - Off-side.
7:22 of 2nd period - Joe Thornton wins face-off versus Derek Roy in neutral zone.
7:39 of 2nd period - Joe Thornton is hit by Nick Foligno and loses puck.
7:44 of 2nd period - Shot by Michael Frolik.
7:44 of 2nd period - Deflect By Nick Foligno.
7:44 of 2nd period - Stopped by Roberto Luongo without a rebound.
7:45 of 2nd period - Alexandre Burrows wins face-off versus Blake Wheeler in RedWings zone.
7:52 of 2nd period - Shot by Mark Arcobello.
7:52 of 2nd period - Deflect By Tyler Toffoli.
7:52 of 2nd period - Goal by Tyler Toffoli - RedWings : 1 - Hurricanes : 2.
7:53 of 2nd period - Joe Thornton wins face-off versus Brad Richardson in neutral zone.
8:04 of 2nd period - Ondrej Palat is hit by Blake Wheeler and loses puck.
8:29 of 2nd period - Shot by Dustin Byfuglien.
8:29 of 2nd period - Stopped by Roberto Luongo with a rebound.
8:31 of 2nd period - Shot by Dustin Byfuglien.
8:31 of 2nd period - Shot Misses the Net.
8:50 of 2nd period - Off-side.
8:51 of 2nd period - Derek Roy wins face-off versus Sam Gagner in neutral zone.
9:10 of 2nd period - Shot by Michael Frolik.
9:10 of 2nd period - Shot Blocked by Eric Brewer.
9:18 of 2nd period - Shot by Sam Gagner.
9:18 of 2nd period - Shot Misses the Net.
9:20 of 2nd period - Shot by Jake Gardiner.
9:20 of 2nd period - Stopped by Sergei Bobrovsky without a rebound.
9:21 of 2nd period - Mark Arcobello wins face-off versus Brian Boyle in Hurricanes zone.
9:32 of 2nd period - Shot by Tyler Toffoli.
9:32 of 2nd period - Shot Misses the Net.
9:44 of 2nd period - Shot by Mark Arcobello.
9:44 of 2nd period - Shot Misses the Net.
10:16 of 2nd period - Eric Brewer is hit by Rich Clune and loses puck.
10:31 of 2nd period - Shot by Sam Gagner.
10:31 of 2nd period - Shot Misses the Net.
10:33 of 2nd period - Shot by Jake Gardiner.
10:33 of 2nd period - Stopped by Sergei Bobrovsky without a rebound.
10:34 of 2nd period - Joe Thornton wins face-off versus Derek Roy in Hurricanes zone.
10:53 of 2nd period - Shot by Nick Foligno.
10:53 of 2nd period - Stopped by Roberto Luongo with a rebound.
10:55 of 2nd period - Shot by Brooks Orpik.
10:55 of 2nd period - Shot Blocked by Ondrej Palat.
11:10 of 2nd period - Derek Roy is hit by Mark Fraser.
11:14 of 2nd period - Shot by Nick Foligno.
11:14 of 2nd period - Shot Misses the Net.
12:02 of 2nd period - Icing by Kevin Czuczman.
12:03 of 2nd period - Brad Richardson wins face-off versus Mark Arcobello in Hurricanes zone.
12:22 of 2nd period - Shot by Paul Martin.
12:22 of 2nd period - Shot Misses the Net.
12:24 of 2nd period - Shot by Paul Martin.
12:24 of 2nd period - Shot Misses the Net.
13:07 of 2nd period - Shot by Brian Boyle.
13:07 of 2nd period - Stopped by Roberto Luongo without a rebound.
13:08 of 2nd period - Derek Roy wins face-off versus Joe Thornton in RedWings zone.
13:10 of 2nd period - Nick Foligno is hit by Eric Brewer and loses puck.
13:27 of 2nd period - Eric Brewer is hit by Nick Foligno.
13:28 of 2nd period - Icing by Eric Brewer.
13:29 of 2nd period - Joe Thornton wins face-off versus Brian Boyle in RedWings zone.
15:34 of 2nd period - Shot by Tyler Toffoli.
15:34 of 2nd period - Deflect By Alexandre Burrows.
15:34 of 2nd period - Stopped by Sergei Bobrovsky without a rebound.
15:35 of 2nd period - Joe Thornton wins face-off versus Brandon McMillan in Hurricanes zone.
15:42 of 2nd period - Shot by Brooks Orpik.
15:42 of 2nd period - Stopped by Roberto Luongo without a rebound.
15:43 of 2nd period - Brandon McMillan wins face-off versus Joe Thornton in RedWings zone.
16:23 of 2nd period - Icing by Eric Brewer.
16:24 of 2nd period - Joe Thornton wins face-off versus Brad Richardson in RedWings zone.
16:24 of 2nd period - Joe Thornton is hit by Blake Wheeler.
16:27 of 2nd period - Icing by Ondrej Palat.
16:28 of 2nd period - Brad Richardson wins face-off versus Joe Thornton in RedWings zone.
17:21 of 2nd period - Shot by Sam Gagner.
17:21 of 2nd period - Shot Misses the Net.
17:26 of 2nd period - Minor Penalty to Tuomo Ruutu for High sticking.
17:27 of 2nd period - Joe Thornton wins face-off versus Nick Foligno in RedWings zone.
18:40 of 2nd period - Shot by Blake Wheeler.
18:40 of 2nd period - Shot Misses the Net.
19:34 of 2nd period - Shot by Tyler Toffoli.
19:34 of 2nd period - Stopped by Sergei Bobrovsky with a rebound.
19:36 of 2nd period - Shot by Tuomo Ruutu.
19:36 of 2nd period - Stopped by Sergei Bobrovsky without a rebound.
19:37 of 2nd period - Ville Leino wins face-off versus Brandon McMillan in Hurricanes zone.
19:37 of 2nd period - Ville Leino is hit by Brooks Orpik.
Goals for this period are 1 for RedWings vs 1 for Hurricanes.
Shots for this period are 8 for RedWings vs 9 for Hurricanes.

3rd period


0:01 of 3rd period - Derek Roy wins face-off versus Joe Thornton in neutral zone.
0:01 of 3rd period - Derek Roy is hit by Ondrej Palat.
0:13 of 3rd period - Shot by Michael Frolik.
0:13 of 3rd period - Stopped by Roberto Luongo without a rebound.
0:14 of 3rd period - Brad Richardson wins face-off versus Sam Gagner in RedWings zone.
0:15 of 3rd period - Shot by Dustin Byfuglien.
0:15 of 3rd period - Shot Blocked by Jake Gardiner.
0:17 of 3rd period - Shot by Ben Lovejoy.
0:17 of 3rd period - Deflect By Blake Wheeler.
0:17 of 3rd period - Stopped by Roberto Luongo without a rebound.
0:18 of 3rd period - Derek Roy wins face-off versus Joe Thornton in RedWings zone.
0:50 of 3rd period - Michael Frolik is hit by Mark Fraser and loses puck.
0:58 of 3rd period - Nick Foligno is hit by Mark Fraser.
1:10 of 3rd period - Minor Penalty to Mark Fraser for Goalie Interference.
1:11 of 3rd period - Joe Thornton wins face-off versus Brian Boyle in RedWings zone.
2:10 of 3rd period - Joe Thornton is hit by Nick Foligno and loses puck.
2:57 of 3rd period - Shot by Kevin Czuczman.
2:57 of 3rd period - Stopped by Roberto Luongo without a rebound.
2:58 of 3rd period - Sam Gagner wins face-off versus Brian Boyle in RedWings zone.
3:14 of 3rd period - Icing by Kevin Czuczman.
3:15 of 3rd period - Brandon McMillan wins face-off versus Ville Leino in Hurricanes zone.
3:15 of 3rd period - Brandon McMillan is hit by Tuomo Ruutu.
3:22 of 3rd period - Off-side.
3:23 of 3rd period - Mark Arcobello wins face-off versus Brandon McMillan in neutral zone.
3:26 of 3rd period - Shot by Tyler Toffoli.
3:26 of 3rd period - Stopped by Sergei Bobrovsky without a rebound.
3:27 of 3rd period - Brad Richardson wins face-off versus Ondrej Palat in Hurricanes zone.
3:27 of 3rd period - Brad Richardson is hit by Ondrej Palat.
3:33 of 3rd period - Shot by James Neal.
3:33 of 3rd period - Shot Misses the Net.
3:35 of 3rd period - Shot by Ben Lovejoy.
3:35 of 3rd period - Stopped by Roberto Luongo without a rebound.
3:36 of 3rd period - Sam Gagner wins face-off versus Derek Roy in RedWings zone.
3:41 of 3rd period - Brooks Orpik is hit by Sean Bergenheim and loses puck.
3:54 of 3rd period - Shot by Nick Foligno.
3:54 of 3rd period - Stopped by Roberto Luongo without a rebound.
3:55 of 3rd period - Brad Richardson wins face-off versus Joe Thornton in RedWings zone.
4:04 of 3rd period - Dustin Byfuglien is hit by Ondrej Palat and loses puck.
4:30 of 3rd period - Loui Eriksson is hit by Dustin Byfuglien and loses puck.
4:49 of 3rd period - Icing by Mark Fraser.
4:50 of 3rd period - Joe Thornton wins face-off versus Nick Foligno in RedWings zone.
5:09 of 3rd period - Shot by Michael Frolik.
5:09 of 3rd period - Shot Misses the Net.
5:47 of 3rd period - Shot by Brian Boyle.
5:47 of 3rd period - Shot Misses the Net.
5:58 of 3rd period - Shot by Brian Boyle.
5:58 of 3rd period - Shot Misses the Net.
6:00 of 3rd period - Shot by Valeri Nichushkin.
6:00 of 3rd period - Shot Blocked by Eric Brewer.
6:02 of 3rd period - Shot by Brian Boyle.
6:02 of 3rd period - Stopped by Roberto Luongo without a rebound.
6:03 of 3rd period - Mark Arcobello wins face-off versus Brad Richardson in RedWings zone.
6:03 of 3rd period - Mark Arcobello is hit by James Neal.
6:54 of 3rd period - Sean Bergenheim is hit by Dustin Byfuglien.
7:17 of 3rd period - Eric Brewer is hit by James Wisniewski and loses puck.
7:46 of 3rd period - Shot by Nick Foligno.
7:46 of 3rd period - Deflect By Michael Frolik.
7:46 of 3rd period - Stopped by Roberto Luongo without a rebound.
7:47 of 3rd period - Mark Arcobello wins face-off versus Brian Boyle in RedWings zone.
8:06 of 3rd period - Shot by Mark Arcobello.
8:06 of 3rd period - Shot Hit the Post.
9:14 of 3rd period - Off-side.
9:15 of 3rd period - Joe Thornton wins face-off versus Brad Richardson in neutral zone.
9:15 of 3rd period - Joe Thornton is hit by Blake Wheeler.
10:37 of 3rd period - Shot by Nick Foligno.
10:37 of 3rd period - Stopped by Roberto Luongo without a rebound.
10:38 of 3rd period - Sam Gagner wins face-off versus Brian Boyle in RedWings zone.
10:53 of 3rd period - Shot by Hal Gill.
10:53 of 3rd period - Stopped by Sergei Bobrovsky without a rebound.
10:54 of 3rd period - Brandon McMillan wins face-off versus Sam Gagner in Hurricanes zone.
10:54 of 3rd period - Minor Penalty to Sean Bergenheim for Hooking.
10:55 of 3rd period - Brian Boyle wins face-off versus Joe Thornton in RedWings zone.
11:16 of 3rd period - Shot by Blake Wheeler.
11:16 of 3rd period - Stopped by Roberto Luongo without a rebound.
11:17 of 3rd period - Alexandre Burrows wins face-off versus Derek Roy in RedWings zone.
11:45 of 3rd period - Derek Roy is hit by Kevin Connauton and loses puck.
12:54 of 3rd period - Icing by Brian Boyle.
12:55 of 3rd period - Brandon McMillan wins face-off versus Mark Arcobello in Hurricanes zone.
13:03 of 3rd period - Minor Penalty to Patrick Maroon for Slashing.
13:04 of 3rd period - Mark Arcobello wins face-off versus Blake Wheeler in Hurricanes zone.
13:23 of 3rd period - Shot by Jake Gardiner.
13:23 of 3rd period - Stopped by Sergei Bobrovsky without a rebound.
13:24 of 3rd period - Brian Boyle wins face-off versus Joe Thornton in Hurricanes zone.
13:24 of 3rd period - Brian Boyle is hit by Alexandre Burrows.
13:39 of 3rd period - Icing by Joe Thornton.
13:40 of 3rd period - Blake Wheeler wins face-off versus Loui Eriksson in RedWings zone.
13:40 of 3rd period - Michael Frolik is hit by Eric Brewer and loses puck.
13:51 of 3rd period - Shot by Dustin Byfuglien.
13:51 of 3rd period - Shot Misses the Net.
13:53 of 3rd period - Shot by Brooks Orpik.
13:53 of 3rd period - Stopped by Roberto Luongo without a rebound.
13:54 of 3rd period - Mark Arcobello wins face-off versus Brian Boyle in RedWings zone.
14:10 of 3rd period - Paul Martin is hit by Dustin Byfuglien.
14:24 of 3rd period - Shot by Mark Arcobello.
14:24 of 3rd period - Deflect By Sean Bergenheim.
14:24 of 3rd period - Stopped by Sergei Bobrovsky without a rebound.
14:25 of 3rd period - Brian Boyle wins face-off versus Joe Thornton in Hurricanes zone.
14:25 of 3rd period - James Wisniewski is hit by Joe Thornton and loses puck.
15:10 of 3rd period - Shot by Ville Leino.
15:10 of 3rd period - Stopped by Sergei Bobrovsky without a rebound.
15:11 of 3rd period - Sean Bergenheim wins face-off versus Brian Boyle in Hurricanes zone.
15:39 of 3rd period - Shot by Sean Bergenheim.
15:39 of 3rd period - Goal by Sean Bergenheim - RedWings : 2 - Hurricanes : 2.
15:40 of 3rd period - Derek Roy wins face-off versus Joe Thornton in neutral zone.
16:05 of 3rd period - Shot by Nick Foligno.
16:05 of 3rd period - Stopped by Roberto Luongo without a rebound.
16:06 of 3rd period - Sam Gagner wins face-off versus Brad Richardson in RedWings zone.
16:06 of 3rd period - Sam Gagner is hit by Blake Wheeler.
16:26 of 3rd period - Shot by Sean Bergenheim.
16:26 of 3rd period - Stopped by Sergei Bobrovsky without a rebound.
16:27 of 3rd period - Derek Roy wins face-off versus Joe Thornton in Hurricanes zone.
16:36 of 3rd period - Shot by Michael Frolik.
16:36 of 3rd period - Shot Blocked by Joe Thornton.
16:38 of 3rd period - Shot by James Wisniewski.
16:38 of 3rd period - Shot Misses the Net.
17:09 of 3rd period - Joe Thornton is hit by Nick Foligno and loses puck.
17:32 of 3rd period - Icing by Eric Brewer.
17:33 of 3rd period - Joe Thornton wins face-off versus Brian Boyle in RedWings zone.
18:38 of 3rd period - Shot by Blake Wheeler.
18:38 of 3rd period - Deflect By James Neal.
18:38 of 3rd period - Shot Misses the Net.
18:42 of 3rd period - Shot by James Neal.
18:42 of 3rd period - Stopped by Roberto Luongo without a rebound.
18:43 of 3rd period - Derek Roy wins face-off versus Tuomo Ruutu in RedWings zone.
18:46 of 3rd period - Shot by Michael Frolik.
18:46 of 3rd period - Shot Misses the Net.
19:08 of 3rd period - Shot by Derek Roy.
19:08 of 3rd period - Shot Misses the Net.
19:14 of 3rd period - Shot by Michael Frolik.
19:14 of 3rd period - Shot Misses the Net.
19:16 of 3rd period - Shot by Michael Frolik.
19:16 of 3rd period - Stopped by Roberto Luongo with a rebound.
19:40 of 3rd period - Shot by Ben Lovejoy.
19:40 of 3rd period - Shot Blocked by Mark Fraser.
19:42 of 3rd period - Shot by Ben Lovejoy.
19:42 of 3rd period - Stopped by Roberto Luongo with a rebound.
19:44 of 3rd period - Shot by Dustin Byfuglien.
19:44 of 3rd period - Shot Blocked by Mark Fraser.
19:46 of 3rd period - Shot by Ben Lovejoy.
19:46 of 3rd period - Shot Misses the Net.
19:52 of 3rd period - Shot by James Neal.
19:52 of 3rd period - Deflect By Blake Wheeler.
19:52 of 3rd period - Stopped by Roberto Luongo without a rebound.
19:53 of 3rd period - Mark Arcobello wins face-off versus Brian Boyle in RedWings zone.
19:53 of 3rd period - Mark Arcobello is hit by Rich Clune.
Goals for this period are 1 for RedWings vs 0 for Hurricanes.
Shots for this period are 7 for RedWings vs 15 for Hurricanes.

Overtime #1


0:01 of 1st overtime period - Tuomo Ruutu wins face-off versus Derek Roy in neutral zone.
0:26 of 1st overtime period - Shot by Derek Roy.
0:26 of 1st overtime period - Goal by Derek Roy - RedWings : 2 - Hurricanes : 3.
Goals for this period are 0 for RedWings vs 1 for Hurricanes.
Shots for this period are 0 for RedWings vs 1 for Hurricanes.


Output by the SimonT Hockey Simulator (STHS) for Stephane Roy -- Original Page W3C XHTML 1.0 Valid
Hockey Simulator - Hockey Simulation - Hockey Manager